 Dungeon Crawl Stone Soup version 0.19.0-2-gae57169 (webtiles) character file.

8722 Gingerlord the Fighter (level 11, 0/71 HPs)
             Began as a Gargoyle Gladiator on Nov 5, 2016.
             Was a Believer of the Shining One.
             Slain by a sun demon (7 damage)
             ... on level 1 of the Lair of Beasts.
             The game lasted 00:26:43 (11639 turns).

Gingerlord the Fighter (Gargoyle Gladiator)        Turns: 11639, Time: 00:26:44

Health: 0/71       AC: 19    Str: 19    XL:     11   Next: 35%
Magic:  11/11      EV: 13    Int: 10    God:    the Shining One [**....]
Gold:   682        SH:  6    Dex: 12    Spells: 0 memorised, 10 levels left

rFire  + . .     SeeInvis .     h - +0 morningstar
rCold  . . .     Gourm    .     v - +0 scale mail
rNeg   + + .     Faith    .     y - +1 buckler
rPois  ∞         Spirit   .     E - +2 helmet
rElec  +         Reflect  .     (no cloak)
rCorr  .         Harm     .     (no gloves)
MR     +....                    (no boots)
Stlth  ..........               (no amulet)
                                t - ring of protection from magic
                                i - ring of protection from fire

@: glowing
A: negative energy resistance 1, electricity resistance, unbreathing,
petrification resistance, rot immunity, AC +7
a: Divine Shield, Renounce Religion


You were on level 1 of the Lair of Beasts.
You worshipped the Shining One.
The Shining One was pleased with you.
You were hungry.

You visited 2 branches of the dungeon, and saw 12 of its levels.
You also visited: Volcano.

You collected 682 gold pieces.

Inventory:

Hand Weapons
 h - a +0 morningstar (weapon)
Armour
 v - a +0 scale mail (worn)
 y - a +1 buckler (worn)
 E - a +2 helmet (worn)
Jewellery
 i - a ring of protection from fire (left hand)
 k - an uncursed ring of protection from cold
 m - an uncursed amulet of guardian spirit
 t - a ring of protection from magic (right hand)
Wands
 j - a wand of teleportation (7/9)
 G - a wand of lightning (6/15)
 M - a wand of disintegration (11/24)
 O - a wand of acid (7/15)
Scrolls
 a - a scroll of blinking {unknown}
 c - 2 scrolls of recharging
 e - 3 scrolls of teleportation
 l - 3 scrolls of identify
 p - 2 scrolls of enchant armour
 q - a scroll of magic mapping
 r - 2 scrolls of remove curse
 w - 2 scrolls of amnesia {unknown}
 x - 2 scrolls of fear {unknown}
 I - 2 scrolls of vulnerability {unknown}
 J - 2 scrolls of enchant weapon {unknown}
 N - 2 scrolls of torment {unknown}
Potions
 b - 5 potions of curing
 d - a potion of cancellation {unknown}
 g - 2 potions of resistance
 n - 4 potions of flight
 s - 2 potions of lignification
 u - 2 potions of haste
 B - a potion of agility
 D - 3 potions of brilliance
 F - a potion of cure mutation
 L - a potion of ambrosia
Comestibles
 f - 10 bread rations
 o - 8 meat rations


   Skills:
 + Level 9.2 Fighting
 + Level 8.6 Maces & Flails
 - Level 1.7 Throwing
 + Level 8.6 Armour
 + Level 7.2 Dodging
 + Level 7.1 Shields


You had 10 spell levels left.
You didn't know any spells.

Dungeon Overview and Level Annotations

Branches:
Dungeon (11/15)            Temple (0/1) D:5            Lair (1/6) D:8
    Orc (0/2) D:10

Altars:
Dithmenos
Fedhas
Kikubaaqudgha
Makhleb
Okawaru
Qazlal
Trog
The Shining One

Annotations:
D:9 Gastronok


Innate Abilities, Weirdness & Mutations

You are resistant to torment.
Your stone body is resilient. (AC +7)
You are immune to poison.
You resist negative energy. (rN+)
You are resistant to electric shocks. (rElec)
You can survive without breathing.
You are immune to petrification.
You are immune to rotting.


Message History

The sun demon is heavily wounded.
The sun demon hits you!
You are engulfed in flames.
You resist.
You are feeling hungry.
You puncture the sun demon!
The sun demon is almost dead.
The sun demon hits you!
You are engulfed in flames!
You resist. You block the sun demon's attack.
You closely miss the sun demon.
The sun demon is almost dead.
The sun demon hits you!
* * * LOW HITPOINT WARNING * * *
You are engulfed in flames.
You resist.
* * * LOW HITPOINT WARNING * * *
You hit the sun demon.
The sun demon is almost dead.
You block the sun demon's attack. The sun demon hits you.
* * * LOW HITPOINT WARNING * * *
You are engulfed in flames!
You resist.
You die...

##.##.####### #...........# ##
#...........# ####### .*
#...........####P#.#.#### * ##
##...........##..........#*** .#
#............##..........#*,*
.#####.[..........#..........#*,+
....##†......................#*,*
..#.##.......:..@3...........#,,,
.##..'...........#...........',**
P#####......:...$##..........#***
.# ##.#####...P#########'### ##
### ###.## *,,,.# ****#.#
****+*,*# * *,**..# *,,,,,,* *
*,,,.#* *,,,,,,* * **** ***,*,,*
*,,,,,,* ****


You could see a sun demon.

Vanquished Creatures
  2 hill giants
  An ugly thing (Volcano)
  An orc sorcerer (Volcano)
  A molten gargoyle (Volcano)
  A spiny frog (Lair:1)
  Psyche (D:8)
  2 hippogriffs
  A spriggan (D:7)
  2 wyverns
  5 yaks
  2 fire bats (Volcano)
  A steam dragon (D:10)
  A water moccasin (D:7)
  3 sky beasts
  3 orc warriors
  6 ice beasts
  2 phantoms
  2 ogres
  A black bear (D:9)
  2 crocodiles
  A big kobold (D:9)
  4 bullfrogs
  2 scorpions
  3 killer bees (D:6)
  3 howler monkeys (D:9)
  6 wights (D:9)
  6 lava snakes (Volcano)
  3 crimson imps
  A bullfrog zombie (D:6)
  4 jellies
  A quasit (D:6)
  5 hounds
  4 orc wizards
  5 orc priests
  A gnoll shaman (D:9)
  A bullfrog skeleton (D:9)
  2 centaur skeletons
  9 worker ants
  2 hound skeletons
  A howler monkey zombie (D:6)
  4 gnolls (D:9)
  7 adders
  A shadow imp (D:9)
  An ooze (D:4)
  2 adder skeletons
  2 worms
  A dart slug (D:1)
  5 leopard geckos
  23 orcs
  A ball python (D:4)
  11 giant cockroaches
  3 goblins
  9 hobgoblins
  3 jackals (D:2)
  2 quokkas
  7 bats
  4 frilled lizards
  A goblin zombie (D:8)
  4 hobgoblin zombies (D:8)
  9 kobolds
  A kobold skeleton (D:8)
  A kobold zombie (D:8)
  2 orc skeletons (D:8)
  2 orc zombies (D:8)
  11 rats
221 creatures vanquished.

Vanquished Creatures (others)
  An adder (D:10)
  An orc (D:10)
2 creatures vanquished.

Grand Total: 223 creatures vanquished

Notes
Turn   | Place    | Note
-------+----------+-------------------------------------------
     0 | D:1      | Gingerlord the Gargoyle Gladiator began the quest for the Orb.
     0 | D:1      | Reached XP level 1. HP: 12/12 MP: 1/1
   233 | D:1      | Reached XP level 2. HP: 13/18 MP: 2/2
   609 | D:1      | Reached skill level 1 in Armour
   952 | D:2      | Reached XP level 3. HP: 20/22 MP: 3/3
  1417 | D:2      | Found a stormy altar of Qazlal.
  1455 | D:2      | Reached XP level 4. HP: 27/27 MP: 4/4
  1494 | D:2      | Reached skill level 3 in Fighting
  2287 | D:3      | Reached XP level 5. HP: 28/32 MP: 3/5
  2632 | D:4      | Noticed a hippogriff
  3060 | D:4      | Reached XP level 6. HP: 18/38 MP: 4/6
  3708 | D:4      | Found an iron altar of Okawaru.
  3737 | D:4      | Reached skill level 4 in Fighting
  4090 | D:5      | Entered Level 5 of the Dungeon
  4098 | D:4      | Reached XP level 7. HP: 44/44 MP: 7/7
  4344 | D:5      | Found a staircase to the Ecumenical Temple.
  4521 | D:5      | Reached skill level 5 in Maces & Flails
  4756 | D:6      | Reached skill level 5 in Fighting
  4839 | D:6      | Reached XP level 8. HP: 33/49 MP: 8/8
  5110 | D:6      | Reached skill level 5 in Armour
  5548 | D:7      | Reached skill level 1 in Shields
  5705 | D:7      | Reached skill level 6 in Fighting
  5870 | D:7      | Reached skill level 5 in Dodging
  6386 | D:7      | Noticed a spriggan baker
  6408 | D:7      | Killed a spriggan baker
  6408 | D:7      | Reached XP level 9. HP: 44/56 MP: 9/9
  6617 | D:8      | Found a glowing golden altar of the Shining One.
  6635 | D:8      | Became a worshipper of the Shining One
  6793 | D:8      | Noticed Psyche
  7057 | D:8      | Killed Psyche
  7057 | D:8      | Reached skill level 7 in Fighting
  7109 | D:8      | Found a staircase to the Lair.
  7116 | D:8      | Found a bloodstained altar of Trog.
  7143 | D:8      | Found a burning altar of Makhleb.
  7143 | D:8      | Found a faded altar of an unknown god.
  7148 | D:8      | Found a faded altar of an unknown god.
  7150 | D:8      | Found a faded altar of an unknown god.
  7152 | D:8      | Found a faded altar of an unknown god.
  7302 | D:8      | Found an ancient bone altar of Kikubaaqudgha.
  7308 | D:8      | Found a shadowy altar of Dithmenos.
  7325 | D:8      | Found a blossoming altar of Fedhas.
  7398 | D:9      | Noticed Gastronok
  7593 | D:9      | Reached * piety under the Shining One
  7723 | D:9      | Reached XP level 10. HP: 49/63 MP: 10/10
  7883 | D:9      | Reached skill level 5 in Shields
  7941 | D:9      | Reached skill level 8 in Fighting
  8556 | D:9      | HP: 2/64 [orc priest/divine providence (13)]
  8937 | D:10     | Entered Level 10 of the Dungeon
  8942 | D:10     | Reached ** piety under the Shining One
  8955 | D:10     | Noticed a hill giant
  8956 | D:10     | Noticed a hill giant
  8967 | D:9      | Killed a hill giant
  9376 | D:10     | Found a staircase to the Orcish Mines.
  9512 | D:10     | Noticed a hill giant
  9784 | D:10     | Killed a hill giant
  9784 | D:10     | Reached XP level 11. HP: 69/69 MP: 11/11
 10128 | Lair:1   | Entered Level 1 of the Lair of Beasts
 10183 | Lair:1   | Found a dark tunnel.
 10189 | Volcano  | Entered a volcano
 10483 | Volcano  | Reached skill level 9 in Fighting
 10783 | Volcano  | Found a radiant altar of Vehumet.
 10783 | Volcano  | Noticed a sun demon
 11101 | Volcano  | Noticed a red ugly thing
 11119 | Volcano  | Killed a red ugly thing
 11242 | Volcano  | Noticed an orc sorcerer
 11252 | Volcano  | Killed an orc sorcerer
 11639 | Lair:1   | Slain by a sun demon

Skill      XL: |  1  2  3  4  5  6  7  8  9 10 11 |
---------------+----------------------------------+-----
Armour         | 1 2 3 4 5 6 8 |  8.6
Fighting       | 3 4 5 6 7 8 9 |  9.2
Maces & Flails | 4 5 6 7 8 |  8.6
Dodging        | 3 4 5 6 7 |  7.2
Shields        | 2 4 6 7 |  7.1
Throwing       | |  1.7

Action                   |  1- 3 |  4- 6 |  7- 9 | 10-12 || total
-------------------------+-------+-------+-------+-------++-------
Melee: Flail             |   133 |   162 |   572 |    98 ||   965
       Morningstar       |       |       |       |   241 ||   241
Invok: Divine Shield     |       |       |       |     1 ||     1
  Use: Potion            |       |     5 |     3 |     8 ||    16
       Scroll            |       |       |    10 |     7 ||    17
  Eat: Chunk             |     1 |     4 |     9 |     7 ||    21
       Beef jerky        |       |     1 |       |       ||     1
       Bread ration      |       |     1 |       |     1 ||     2
       Pizza             |       |       |     2 |     1 ||     3
Armor: Leather armour    |    65 |    24 |       |       ||    89
       Scale mail        |       |    81 |   314 |   150 ||   545
       Skin              |       |       |    16 |       ||    16
Dodge: Dodged            |   128 |   125 |   328 |   191 ||   772
Block: Buckler           |       |       |    73 |    88 ||   161
